 Dungeon Crawl Stone Soup version 0.30.2 (webtiles) character file.

Game seed: 9100862919778785306

100 Ashen the Ogre Mage (level 4, -5/45 HPs)
             Began as an Ogre Warper on Jan 19, 2024.
             Slain by a gnoll
             ... wielding a +1 whip of electrocution
              (15 damage)
             ... on level 3 of the Dungeon.
             The game lasted 00:04:14 (1797 turns).

Ashen the Ogre Mage (Ogre Warper)                   Turns: 1797, Time: 00:04:16

Health: -5/45      AC:  3    Str: 15    XL:     4   Next: 74%
Magic:  9/9        EV: 15    Int: 16    God:
Gold:   102        SH:  0    Dex:  8    Spells: 7/9 levels left

rFire   . . .        m - +2 mace (holy)
rCold   . . .        (no shield)
rNeg    . . .        b - +0 robe
rPois   .            (helmet restricted)
rElec   .            (no cloak)
rCorr   .            (gloves unavailable)
SInv    .            (boots unavailable)
Will    .....        h - amulet of the acrobat
Stlth   +            j - +5 ring of evasion
HPRegen 0.27/turn    (no ring)
MPRegen 0.11/turn

%: acrobat
@: no status effects
A: large, unfitting armour, tough skin 1
a: no special abilities


You were on level 3 of the Dungeon.
You visited 1 branch of the dungeon, and saw 3 of its levels.

You collected 102 gold pieces.

Inventory:

Hand Weapons
 m - a +2 mace of holy wrath (weapon)
Missiles
 d - 7 boomerangs of dispersal (quivered)
Armour
 b - a +0 robe (worn)
Jewellery
 h - an amulet of the acrobat (around neck)
 j - a +5 ring of evasion (left hand)
Scrolls
 c - 2 scrolls of blinking
 g - a scroll of brand weapon {unknown}
 i - a scroll of immolation {unknown}
 l - 2 scrolls of identify {unknown}
Potions
 a - a potion of brilliance {unknown}
 e - a potion of heal wounds {unknown}
 f - a potion of curing {unknown}
 k - a potion of might {unknown}
 n - a potion of attraction {unknown}


   Skills:
 + Level 3.3 Fighting
 + Level 2.2 Maces & Flails
 - Level 1.0 Throwing
 + Level 2.6 Dodging
 + Level 0.8 Stealth
 * Level 3.4 Spellcasting
 * Level 3.2 Translocations


You had 7 spell levels left.
You knew the following spells:

 Your Spells              Type           Power      Damage    Failure   Level
a - Blink                 Tloc           26%        N/A       7%          2

Your spell library contained the following spells:

 Spells                   Type           Power      Damage    Failure   Level
 Apportation              Tloc           26%        N/A       4%          1
 Lesser Beckoning         Tloc           26%        N/A       7%          2
 Teleport Other           Tloc           13%        N/A       14%         3
 Vhi's Electric Charge    Tloc/Air       16%        N/A       26%         3
 Manifold Assault         Tloc           13%        N/A       43%         4
 Alistair's Intoxication  Tmut/Pois      1%         N/A       99%         5


Dungeon Overview and Level Annotations

Branches:
Dungeon (3/15)

Altars:
Xom


Innate Abilities, Weirdness & Mutations

You are too large for most types of armour.
You have tough skin. (AC +1)


Message History

The dart slug launches a dart at you. The slug dart hits you.
There is a stone staircase leading up here.
The dart slug launches a dart at you. The slug dart hits you.
Casting: Blink (safe; 7% risk of failure)
Confirm with . or Enter, or press ? or * to list all spells.
Okay, then.
The dart slug launches a dart at you. The slug dart misses you.
There is a stone staircase leading up here.
You hit the dart slug.
The dart slug is moderately wounded.
The dart slug completely misses you.
You hit the dart slug.
The dart slug is almost dead.
The dart slug launches a dart at you. The slug dart misses you.
You sock the dart slug!
You kill the dart slug!
You hit the gnoll but do no damage. The gnoll misses you.
You hit the gnoll.
The gnoll is lightly wounded.
The gnoll barely misses you. The gnoll closely misses you.
You hit the gnoll. Your punch misses the gnoll.
The gnoll is moderately wounded.
The gnoll completely misses you. The gnoll closely misses you.
The gnoll misses you.
The gnoll hits you with a +1 whip of electrocution!
You completely miss the gnoll.
The gnoll is moderately wounded.
The gnoll hits you from afar with a +0 halberd.
The gnoll barely misses you.
You sock the gnoll!
The gnoll is almost dead.
The gnoll hits you from afar with a +0 halberd!
The gnoll hits you with a +1 whip of electrocution!
* * * LOW HITPOINT WARNING * * *
You are electrocuted!
You die...

........#.#
.(......#.#
.......#.# #.# #g#
#g# #)#
#################.#
#..<..@gg.....g.g.#
###################


You could see 2 gnolls.

Vanquished Creatures
  Robin (D:1)
  2 gnolls
  An adder (D:2)
  2 dart slugs
  5 ball pythons
  6 bats
  An endoplasm (D:1)
  15 goblins
  2 hobgoblins
  6 jackals (D:1)
  5 kobolds
  A quokka (D:1)
  2 frilled lizards (D:1)
  3 rats
52 creatures vanquished.

Notes
Turn   | Place    | Note
-------+----------+-------------------------------------------
     0 | D:1      | Ashen the Ogre Warper began the quest for the Orb.
     0 | D:1      | Reached XP level 1. HP: 22/22 MP: 3/3
   176 | D:1      | Reached XP level 2. HP: 29/29 MP: 5/5
   187 | D:1      | Learned a level 2 spell: Blink
   365 | D:1      | Reached XP level 3. HP: 33/36 MP: 7/7
  1149 | D:2      | Reached XP level 4. HP: 43/45 MP: 8/8
  1238 | D:2      | Found a shimmering altar of Xom.
  1294 | D:2      | Noticed Robin
  1500 | D:1      | Killed Robin
  1797 | D:3      | Slain by a gnoll

Illustrated notes

Levels and vault maps discovered:
D:1:      lightli_arrival_lavapool, layout_loops_ring, grunt_decor_arrowhead
D:2:      layout_rooms, basic_altar, minmay_3d_cube, uniq_robin
D:3:      layout_basic, nicolae_gozag_cash_rules_everything_around_me,
          minmay_misc_feat_secret_circle, nicolae_shop_vocational, uniq_jessica,
          uniq_sigmund

Skill      XL: |  1  2  3 |
---------------+----------+-----
Maces & Flails | 2 |  2.2
Translocations | 3 |  3.2
Spellcasting   | 3 |  3.4
Fighting       | 3 |  3.3
Throwing       | |  1.0
Dodging        | |  2.6
Stealth        | |  0.8

Action                     |  1- 3 |  4- 6 || total
---------------------------+-------+-------++-------
  Melee: Mace              |   149 |    54 ||   203
         Punch             |       |     1 ||     1
 Armour: Robe              |    60 |    11 ||    71
  Dodge: Dodged            |   115 |    74 ||   189
